 Dungeon Sprint DCSS version 0.31-a0-640-g39d97e502b (webtiles) character file.

Game seed: 2921675285579500814

4093 Revguard the Mimic (level 10, -1/94 HPs)
             Began as a Green Draconian Shapeshifter on Aug 28, 2023.
             Was a Follower of Jiyva.
             Slain by an earth elemental (22 damage)
             ... in the Dungeon (Sprint V: "Ziggurat Sprint").
             The game lasted 00:05:57 (518 turns).

Revguard the Mimic (Green Draconian Shapeshifter)    Turns: 518, Time: 00:05:58

Health: -1/94      AC:  7    Str: 22    XL:     10   Next: 5%
Magic:  0/10       EV: 19    Int: 11    God:    Jiyva [*.....]
Gold:   0          SH:  0    Dex: 21    Spells: 9/9 levels left

rFire   . .          .
                       - Unarmed
rCold   . . .        (shield currently unavailable)
rNeg    . . .        (body armour unavailable)
rPois   +            (helmet restricted)
rElec   .            (no cloak)
rCorr   .            (no gloves)
SInv    .            (no boots)
Will    .....        B - amulet of guardian spirit
Stlth   +            u - +6 ring of strength
HPRegen 1.15/turn    s - +6 ring of dexterity
MPRegen 0.37/turn

%: no teleportation, guardian spirit
@: flux-form, glowing
A: glow, contaminating, breathe noxious fumes, AC +7, unfitting armour, poison
resistance, cold-blooded
a: Breathe Noxious Fumes, Begin Untransformation, Renounce Religion


You were in the Dungeon.
You worshipped Jiyva.
Jiyva was aware of your devotion.
You were something dangerously unstable.
You visited 1 branch

Inventory:

Jewellery
 s - a +6 ring of dexterity (right hand)
 t - a +6 ring of dexterity
 u - a +6 ring of strength (left hand)
 v - a +6 ring of strength
 B - an amulet of guardian spirit (around neck)
 C - a ring of resist corrosion
 D - a ring of positive energy
Talismans
 b - a beast talisman
 c - a flux talisman (active)
 y - a blade talisman
 z - a maw talisman
 A - a serpent talisman
Wands
 m - a wand of paralysis (6)
 x - a wand of flame (14)
Scrolls
 i - 2 scrolls of blinking
 o - 4 scrolls of amnesia
 p - 7 scrolls of fog
 q - 5 scrolls of identify
 r - 2 scrolls of fear
Potions
 a - a potion of lignification
 d - 10 potions of curing
 e - 7 potions of heal wounds
 f - 6 potions of haste
 g - 7 potions of magic
 h - 3 potions of berserk rage
 j - 2 potions of brilliance
 k - 2 potions of invisibility
 l - 4 potions of resistance
 n - 4 potions of might
Miscellaneous
 w - a tin of tremorstones (2/2)


   Skills:
 + Level 10.9 Fighting
 + Level 9.3 Dodging
 + Level 10.1 Unarmed Combat
 + Level 9.6 Evocations
 * Level 13.1 Shapeshifting


You had 9 spell levels left.
You didn't know any spells.
Your spell library was empty.

Dungeon Overview and Level Annotations

Branches:
Dungeon (1/1)

Altars:
Ashenzari
Cheibriados
Dithmenos
Elyvilon
Fedhas
Gozag
Hepliaklqana
Kikubaaqudgha
Makhleb
Nemelex Xobeh
Okawaru
Qazlal
Ru
Sif Muna
Trog
Uskayaw
Vehumet
Wu Jian
Xom
Yredelemnul
Zin
The Shining One
Jiyva
Lugonu

Annotations:
D 1 transporter


Innate Abilities, Weirdness & Mutations

You are something dangerously unstable.
You glow with magical radiation, making you easy to see and hit.
Foes you strike become dangerously contaminated with magical radiation.
You are incapable of wielding weapons or throwing items.
You can breathe blasts of noxious fumes.
Your lurid green scales are hard. (AC +7)
You cannot fit into any form of body armour.
Your system is resistant to poisons. (rPois)
You are cold-blooded and may be slowed by cold attacks.


Message History

You tail-slap the earth elemental, but do no damage.
The earth elemental is lightly damaged.
The earth elemental misses you.
You hit the earth elemental.
The earth elemental shudders as magic cascades through it!!
The earth elemental is almost destroyed.
You hit the earth elemental.
The earth elemental begins to glow.
You tail-slap the earth elemental, but do no damage.
The earth elemental is almost destroyed.
The earth elemental barely misses you.
You hit the earth elemental but do no damage.
The earth elemental glows dangerously bright.
The earth elemental is almost destroyed.
You hit the earth elemental.
You destroy the earth elemental!
Found a transporter.
The earth elemental hits you!!
You hit the earth elemental but do no damage.
The earth elemental begins to glow.
The earth elemental closely misses you.
You hit the earth elemental.
The earth elemental glows dangerously bright.
The earth elemental is lightly damaged.
You hit the earth elemental.
The earth elemental shudders as magic cascades through it.
The earth elemental is moderately damaged.
The earth elemental hits you!
You hit the earth elemental.
The earth elemental begins to glow.
The earth elemental is moderately damaged.
You hit the earth elemental but do no damage.
The earth elemental glows dangerously bright.
You tail-slap the earth elemental.
The earth elemental is moderately damaged.
The earth elemental hits you!!
* * * LOW HITPOINT WARNING * * *
You punch the earth elemental!
The earth elemental shudders as magic cascades through it!
The earth elemental is severely damaged.
You completely miss the earth elemental.
The earth elemental is severely damaged.
The earth elemental hits you!!
You die...

▓▓▓▓▓▓▓▓▓▓▓▓▓▓▓▓▓▓
▓..8©8..▓
▓..[|)..▓
▓..:[=..▓
▓.......▓
▓.......▓
▓.......▓
▓......E▓
▓.▓...▓B▓
▓...©...▓
▓▓▓▓▓▓▓▓▓


You could see an earth elemental.

Vanquished Creatures
  An ironbound preserver (D)
  A wizard (D)
  A necromancer (D)
  A vault sentinel (D)
  4 toenail golems (D)
  A spriggan (D)
  2 black bears (D)
  2 phantoms (D)
  A necrophage (D)
  An earth elemental (D)
  A shadow imp (D)
  2 white imps (D)
  An ufetubus (D)
  An adder skeleton (D)
  A ball python skeleton (D)
  A ball python zombie (D)
  A quokka zombie (D)
23 creatures vanquished.

Vanquished Creatures (others)
  An azure jelly (D)
  A jelly (D)
2 creatures vanquished.

Grand Total: 25 creatures vanquished

Notes
Turn   | Place    | Note
-------+----------+-------------------------------------------
     0 | D        | Revguard the Draconian Shapeshifter began the quest for the
                  | Orb.
     0 | D        | Reached XP level 1. HP: 16/16 MP: 1/1
     0 | D        | Found a shimmering blue altar of Sif Muna.
     0 | D        | Found a bloodstained altar of Trog.
     0 | D        | Found a sacrificial altar of Ru.
     0 | D        | Found a stormy altar of Qazlal.
     0 | D        | Found an iron altar of Okawaru.
     1 | D        | Found a sparkling altar of Nemelex Xobeh.
     1 | D        | Found a blossoming altar of Fedhas.
     1 | D        | Found the +6 Majin-Bo {spellvamp, MP+6 Int+6}
     1 | D        | Found the +27 heavy crossbow "Sniper" {heavy, Acc+∞ SInv}
     1 | D        | Found the +10 dark maul {heavy}
     1 | D        | Found the +15 Maxwell's patent armour {-Cast -Tele rElec
                  | Will+ rCorr}
     1 | D        | Found the +18 shield of the Gong {Loud rN+ Will+ rCorr
                  | EV-5}
     1 | D        | Found the +16 obsidian axe {drain, demonic, Mesm Drain Fly
                  | SInv}
     1 | D        | Found the +7 great mace "Firestarter" {flame, immolate,
                  | rFlCloud rF++}
     1 | D        | Found the +6 shillelagh "Devastator" {shatter}
     1 | D        | Found the +11 plutonium sword {Contam Stlth-}
     1 | D        | Found the +8 lance "Wyrmbane" {slay drac, rPois rF+ rC+
                  | AC+3}
     1 | D        | Found the +9 sword of Zonguldrok {reap}
     1 | D        | Found the +13 scythe of Curses {drain, curses, Drain}
     1 | D        | Found the +9 sword of Power {lifebolt}
     1 | D        | Found the +7 mace of Variability {chaos, chaos arc}
     1 | D        | Found the +11 Singing Sword {sonic wave}
     1 | D        | Found the +8 storm bow {elec, penet}
     3 | D        | Found a transporter.
     3 | D        | Found an ancient bone altar of Kikubaaqudgha.
     3 | D        | Found a viscous altar of Jiyva.
     3 | D        | Found a corrupted altar of Lugonu.
     3 | D        | Found a hazy altar of Hepliaklqana.
     3 | D        | Found a burning altar of Makhleb.
     3 | D        | Found an opulent altar of Gozag.
    24 | D        | Reached skill level 4 in Shapeshifting
    24 | D        | Reached XP level 2. HP: 26/26 MP: 2/2
    30 | D        | Became a worshipper of Jiyva Jeumpom the Shapeless
    35 | D        | Entered arena 2.
    35 | D        | Killed an azure jelly
    35 | D        | Found a transporter.
    49 | D        | Entered arena 3.
    49 | D        | Noticed a black bear
    49 | D        | Noticed a black bear
    49 | D        | Noticed a spriggan
    49 | D        | Found a transporter.
    57 | D        | Killed a black bear
    58 | D        | Reached skill level 5 in Unarmed Combat
    58 | D        | Reached skill level 6 in Shapeshifting
    58 | D        | Reached XP level 3. HP: 19/34 MP: 3/3
    58 | D        | Reached XP level 4. HP: 23/41 MP: 4/4
    58 | D        | Killed a black bear
    59 | D        | Reached skill level 5 in Fighting
    59 | D        | Reached skill level 7 in Shapeshifting
    59 | D        | Reached XP level 5. HP: 16/48 MP: 5/5
    61 | D        | Killed a spriggan
    62 | D        | Reached skill level 5 in Dodging
    62 | D        | Reached skill level 5 in Evocations
    62 | D        | Reached skill level 8 in Shapeshifting
    62 | D        | Reached XP level 6. HP: 16/58 MP: 6/6
   213 | D        | Entered arena 4.
   213 | D        | Noticed a vault sentinel
   213 | D        | Noticed a wizard
   213 | D        | Noticed a necromancer
   213 | D        | Noticed an ironbound preserver
   213 | D        | Found a transporter.
   219 | D        | Killed an ironbound preserver
   220 | D        | Reached skill level 10 in Shapeshifting
   220 | D        | Your scales start taking on a lurid green colour.
   220 | D        | Reached XP level 7. HP: 55/68 MP: 5/7
   220 | D        | Gained mutation: Your system is resistant to poisons.
                  | (rPois) [Green Draconian growth]
   220 | D        | Reached XP level 8. HP: 60/74 MP: 5/8
   229 | D        | Killed a wizard
   230 | D        | Reached skill level 11 in Shapeshifting
   231 | D        | Killed a necromancer
   232 | D        | Reached XP level 9. HP: 58/84 MP: 2/9
   236 | D        | Killed a vault sentinel
   384 | D        | Entered arena 5.
   384 | D        | Found a transporter.
   393 | D        | Reached skill level 12 in Shapeshifting
   400 | D        | Reached skill level 10 in Fighting
   419 | D        | Entered arena 6.
   419 | D        | Reached * piety under Jiyva
   419 | D        | Found a transporter.
   465 | D        | Entered arena 7.
   465 | D        | Noticed a toenail golem
   465 | D        | Noticed a toenail golem
   465 | D        | Noticed a toenail golem
   465 | D        | Noticed a toenail golem
   475 | D        | Killed a toenail golem
   486 | D        | Killed a toenail golem
   497 | D        | Killed a toenail golem
   504 | D        | Killed a toenail golem
   505 | D        | Reached skill level 10 in Unarmed Combat
   505 | D        | Reached skill level 13 in Shapeshifting
   505 | D        | Reached XP level 10. HP: 50/94 MP: 5/10
   511 | D        | Found a transporter.
   518 | D        | Slain by an earth elemental

Illustrated notes

Levels and vault maps discovered:
D:        sprint_v [room_start, room_1, room_2, room_3, room_4, room_5, room_6,
          room_7, room_8, room_9, room_10, room_11, room_12, room_13, room_14,
          room_15, room_16, room_17, room_18, room_19, room_20, room_21,
          room_22, room_23, room_24, room_25, room_26, room_27]

Skill      XL: |  1  2  3  4  5  6  7  8  9 |
---------------+----------------------------+-----
Fighting       | 3 4 5 6 8 9 10 | 10.9
Dodging        | 3 4 5 7 8 9 |  9.3
Unarmed Combat | 4 5 6 7 8 10 | 10.1
Evocations     | 2 3 4 5 7 8 9 |  9.6
Shapeshifting  | 4 6 7 8 10 11 13 | 13.1

Action                     |  1- 3 |  4- 6 |  7- 9 | 10-12 || total
---------------------------+-------+-------+-------+-------++-------
  Melee: Unarmed           |     3 |       |    74 |    13 ||    90
         Tailslap          |     2 |       |    17 |     3 ||    22
         Maw               |       |       |     3 |       ||     3
Ability: Breathe Noxious F |       |       |     1 |       ||     1
  Evoke: Wand              |     3 |    10 |     1 |       ||    14
    Use: Potion            |     2 |       |     3 |       ||     5
         Scroll            |     1 |       |     1 |       ||     2
 Armour: Skin              |       |     2 |    20 |       ||    22
  Dodge: Dodged            |     6 |     4 |    72 |     3 ||    85
   Form: Flux              |       |     1 |     1 |       ||     2
         Blade             |       |       |     1 |       ||     1
         Anaconda          |       |       |     1 |       ||     1
         Maw               |       |       |     1 |       ||     1

Table legend: (Time is in decaauts)
 A = Elapsed time spent in this place.
 B = Non-inter-level travel time spent in this place.
 C = Inter-level travel time spent in this place.
 D = Time resting spent in this place.
 E = Time spent auto-exploring this place.
 F = Levels seen in this place.
 G = Mean time per level.
                   A        B        C        D        E       F      G
               +--------+--------+--------+--------+--------+-----+--------+
         Total |    502 |    502 |      0 |    264 |      0 |   1 |  502.0 |
       Dungeon |    502 |    502 |      0 |    264 |      0 |   1 |  502.0 |
               +--------+--------+--------+--------+--------+-----+--------+

Top non-repeatable levels by time:
       D: 502 daAuts
